 Dungeon Crawl Stone Soup version 0.18.0-2-g198d6d4 (webtiles) character file.

60 oplop the Chiller (level 4, 0/30 HPs)
             Began as a Merfolk Ice Elementalist on May 5, 2016.
             Succumbed to an adder's poison
             ... on level 3 of the Dungeon.
             The game lasted 00:04:17 (1814 turns).

oplop the Chiller (Merfolk Ice Elementalist)        Turns: 1814, Time: 00:04:18

Health: 0/30       AC:  2    Str: 13    XL:     4   Next: 4%
Magic:  0/7        EV: 13    Int: 15    God:
Gold:   175        SH:  0    Dex: 14    Spells: 1 memorised, 7 levels left

rFire  . . .     SeeInvis .     e - +0 hand axe
rCold  . . .     Gourm    .     a - +0 robe
rNeg   + . .     Faith    .     (no shield)
rPois  .         Spirit   .     (no helmet)
rElec  .         Dismiss  .     (no cloak)
rCorr  .         Reflect  .     (no gloves)
SustAt .         Harm     .     (no boots)
MR     .....                    (no amulet)
Stlth  ++........               (no ring)
                                d - ring of positive energy

@: mighty, lethally poisoned (0 -> -3), very slightly contaminated, not
resistant to hostile enchantments, unstealthy
A: change form in water, swift swim
a: no special abilities


You were on level 3 of the Dungeon.
You were not hungry.

You visited 1 branch of the dungeon, and saw 3 of its levels.

You collected 175 gold pieces.

Inventory:

Hand Weapons
 e - a +0 hand axe (weapon)
Armour
 a - a +0 robe (worn)
Jewellery
 d - a ring of positive energy (left hand)
Scrolls
 f - 2 scrolls of identify {unknown}
 i - 2 scrolls of remove curse {unknown}
 k - 2 scrolls of immolation {unknown}
 m - a scroll of teleportation {unknown}
Potions
 g - a potion of might
 h - a potion of brilliance {unknown}
 j - a potion of heal wounds {unknown}
 l - a potion of lignification {unknown}
 o - a potion of curing {unknown}
Books
 b - a book of Frost

   Spells                             Type                      Level
   a - Freeze                         Ice                          1
   b - Throw Frost                    Conjuration/Ice              2
   c - Ozocubu's Armour               Charms/Ice                   3
   d - Throw Icicle                   Conjuration/Ice              4
   e - Summon Ice Beast               Ice/Summoning                4
Comestibles
 c - 3 bread rations
 n - a meat ration


   Skills:
 + Level 3.6 Dodging
 - Level 2.1 Stealth
 + Level 2.5 Spellcasting
   Level 0.7 Conjurations
 + Level 4.3 Ice Magic


You had 7 spell levels left.
You knew the following spells:

 Your Spells              Type           Power        Failure   Level  Hunger
a - Freeze                Ice            ###.         3%          1    #......


Dungeon Overview and Level Annotations

Branches:
Dungeon (3/15)

Altars:
Sif Muna
Xom


Message History

Press: ? - help, Shift-Dir - straight line, f - quokka
Aim: a quokka You freeze the quokka.
The quokka is severely wounded.
You feel sick.
The quokka twitches its whiskers.
The quokka barely misses you.
You hit the quokka.
The quokka is almost dead.
The quokka closely misses you.
You hit the quokka but do no damage.
The quokka is severely wounded.
The quokka bites you.
* * * LOW HITPOINT WARNING * * *
The quokka bites you.
* * * LOW HITPOINT WARNING * * *
Drink which item? (? for menu, Esc to quit)
It was a potion of might.
You feel very mighty all of a sudden.
You die...

###########
#.........#
#.........#
#..@†.....#
.......r..?...#
##..#.....!....
#. #..>......#
.........##
...........#
.............
........######


You could see a quokka.

Vanquished Creatures
  An adder (D:3)
  2 oozes (D:2)
  A worm (D:2)
  7 bats
  A goblin (D:2)
  7 hobgoblins
  4 jackals (D:2)
  2 ball pythons
  5 giant newts
  5 kobolds
  8 rats
  2 fungi (D:1)
45 creatures vanquished.

Vanquished Creatures (others)
  A fungus (D:1)
1 creature vanquished.

Grand Total: 46 creatures vanquished

Notes
Turn   | Place    | Note
--------------------------------------------------------------
     0 | D:1      | oplop the Merfolk Ice Elementalist began the quest for the Orb.
     0 | D:1      | Reached XP level 1. HP: 13/13 MP: 3/3
   376 | D:1      | Reached XP level 2. HP: 9/19 MP: 5/5
   979 | D:2      | Reached skill level 4 in Ice Magic
   979 | D:2      | Reached XP level 3. HP: 21/24 MP: 6/6
  1375 | D:2      | Found a deep blue altar of Sif Muna.
  1375 | D:2      | Found a shimmering altar of Xom.
  1809 | D:3      | Reached XP level 4. HP: 9/30 MP: 1/7
  1813 | D:3      | HP: 1/30 [quokka (2)]
  1814 | D:3      | Succumbed to an adder's poison

Skill      XL: |  1  2 |
---------------+-------+-----
Dodging        | 3 |  3.6
Ice Magic      | 4 |  4.3
Stealth        | |  2.1
Spellcasting   | |  2.5
Conjurations   | |  0.7

Action                   |  1- 3 |  4- 6 || total
-------------------------+-------+-------++-------
Melee: Hand axe          |    88 |     3 ||    91
 Cast: Freeze            |    29 |     2 ||    31
  Use: Potion            |       |     1 ||     1
 Stab: Sleeping          |     5 |       ||     5
  Eat: Chunk             |     3 |       ||     3
Armor: Robe              |    21 |       ||    21
Dodge: Dodged            |    70 |     5 ||    75
